Map: Ukryte jaskinie

Players

saia

  • Race: Zerg Zerg

WoLaKase

  • Race: Protoss Protoss

Супермужик

  • Race: Zerg Zerg

Will

  • Race: Zerg Zerg

Strelok

  • Race: Protoss Protoss

Envy

  • Race: Terran Terran

firesky

  • Race: Terran Terran

Gracz

  • Race: Terran Terran

VOD

Have the link to the VOD?

Description

Time

  • Played on: Feb. 27, 2016, 9:35 a.m.
  • Length: 13:52
Show
View Real Time Build Order
Export as new Build Order

saia Zerg 

Build Orders: Hatch First 

Get SALT Encoding   

  12  0:34  Hatchery  
  11  0:41  Drone  
  11  0:42  Drone  
  13  1:01  Overlord x2  
  13  1:14  Spawning Pool  
  12  1:25  Drone x2  
  14  1:30  Drone  
  15  1:39  Drone  
  16  1:51  Drone x2  
  18  1:58  Drone x2  
  18  2:01  Queen  
  22  2:14  Drone x2  
  24  2:21  Drone  
  26  2:22  Drone  
  26  2:30  Extractor  
  26  2:32  Drone x2  
  26  2:33  Extractor  
  26  2:36  Queen  
  28  2:49  Drone  
  28  2:50  Drone  
  30  3:00  Drone x2  
  32  3:11  Overlord x2  
  32  3:25  Drone x4  
  36  3:32  Extractor  
  35  3:34  Extractor  
  35  3:35  Lair  
  35  3:36  Drone x2  
  36  3:48  Drone x4  
  38  3:49  Drone  
  41  4:04  Drone x2  
  43  4:19  Drone x3  
  46  4:29  Overlord x4  
  46  4:40  Drone x3  
  49  4:53  Spire  
  49  4:57  Spire  
  47  5:04  Overlord x4  
  47  5:11  Pneumatized Carapace  
  47  5:44  Hatchery  
  46  6:00  Drone x4  
  50  6:16  Hatchery  
  49  6:19  Hatchery  
  49  6:23  Mutalisk  
  49  6:24  Mutalisk x5  
  49  6:25  Mutalisk x3  
  66  6:48  Mutalisk x3  
  66  6:49  Mutalisk  
  66  6:52  Zerg Flyer Weapons Level 1  
  66  6:53  Zerg Flyer Armor Level 1  
  74  7:07  Drone  
  74  7:08  Drone x3  
  78  7:11  Extractor  
  78  7:14  Extractor  
  76  7:27  Mutalisk x2  
  76  7:28  Mutalisk x2  
  84  7:34  Drone x3  
  84  7:35  Overlord x3  
  87  7:49  Drone x5  
  87  7:50  Drone x3  
  95  8:06  Mutalisk  
  95  8:07  Mutalisk x4  
  105  8:44  Mutalisk x5  
  115  9:06  Overlord x5  
  115  9:07  Overlord x5  
  115  9:41  Mutalisk x5  
  115  9:42  Mutalisk x4  
  133  10:00  Zerg Flyer Weapons Level 2  
  133  10:04  Zerg Flyer Armor Level 2  
  133  10:36  Mutalisk x3  
  133  10:37  Mutalisk x2  
  143  11:05  Mutalisk x4  
  143  11:06  Mutalisk  
  151  12:31  Mutalisk x2  
  151  12:32  Mutalisk x6  
  151  12:33  Mutalisk x5  
  151  12:34  Mutalisk  
  179  13:11  Mutalisk  
  179  13:12  Mutalisk x6  
Show
View Real Time Build Order
Export as new Build Order

WoLaKase Protoss 

Build Orders:  

Get SALT Encoding   

  12  0:01  Probe (Chrono Boost)  
  13  0:12  Probe (Chrono Boost)  
  14  0:18  Pylon  
  14  0:22  Probe (Chrono Boost)  
  15  0:36  Probe (Chrono Boost)  
  16  0:43  Gateway  
  16  0:47  Probe (Chrono Boost)  
  17  0:51  Assimilator  
  17  0:57  Probe (Chrono Boost)  
  18  1:07  Pylon  
  18  1:08  Probe (Chrono Boost)  
  19  1:18  Probe (Chrono Boost)  
  20  1:30  Cybernetics Core  
  20  1:36  Assimilator  
  20  1:45  Probe (Chrono Boost)  
  21  1:58  Probe (Chrono Boost)  
  22  2:06  Nexus  
  22  2:07  Warp Gate (Chrono Boost)  
  22  2:09  Probe  
  23  2:21  Probe  
  24  2:24  Pylon  
  24  2:33  Probe  
  25  2:42  Gateway  
  25  2:45  Probe  
  26  2:52  Stargate  
  26  2:57  Probe  
  27  3:09  Probe  
  27  3:21  Probe  
  27  3:23  Gateway  
  27  3:26  Gateway, Probe  
  28  3:33  Probe  
  30  3:36  Probe  
  31  3:43  Void Ray  
  31  3:45  Probe (Chrono Boost)  
  36  3:52  Probe (Chrono Boost)  
  37  3:57  Probe (Chrono Boost)  
  37  4:00  Pylon  
  37  4:02  Probe (Chrono Boost)  
  39  4:07  Probe (Chrono Boost)  
  39  4:09  Stalker  
  42  4:13  Probe (Chrono Boost)  
  43  4:23  Forge  
  43  4:25  Twilight Council  
  43  4:34  Void Ray  
  47  4:43  Probe x2 (Chrono Boost)  
  49  4:45  Stalker x2  
  49  4:47  Sentry x2  
  57  5:06  Blink  
  57  5:11  Probe x2 (Chrono Boost)  
  57  5:12  Nexus  
  57  5:13  Protoss Ground Weapons Level 1 (Chrono Boost)  
  59  5:21  Probe (Chrono Boost)  
  59  5:23  Pylon  
  59  5:25  Assimilator  
  59  5:28  Assimilator  
  60  5:30  Probe (Chrono Boost)  
  60  5:31  Pylon  
  60  5:32  Probe  
  62  5:44  Pylon  
  62  5:46  Probe x2  
  62  5:47  Void Ray  
  68  5:58  Probe  
  69  6:11  Gateway  
  69  6:14  Gateway  
  69  6:18  Gateway  
  69  6:21  Probe x2  
  69  6:23  Probe  
  72  6:28  Stalker x3  
  78  6:33  Pylon, Probe x3  
  81  6:45  Probe x2  
  83  6:54  Forge  
  83  6:55  Pylon x2  
  83  6:56  Pylon  
  83  6:59  Protoss Ground Armor Level 1 (Chrono Boost)  
  83  7:06  Pylon, Probe  
  83  7:07  Probe  
  83  7:08  Probe  
  86  7:12  Pylon  
  86  7:13  Pylon  
  86  7:16  Pylon  
  86  7:18  Pylon  
  86  7:20  Assimilator, Probe  
  86  7:22  Probe x2  
  89  7:23  Assimilator  
  89  7:27  Stalker  
  89  7:28  Stalker x2  
  95  7:32  Photon Cannon  
  95  7:34  Probe x2  
  97  7:46  Photon Cannon  
  97  7:48  Probe  
  98  8:10  Protoss Ground Weapons Level 2 (Chrono Boost)  
  98  8:20  Robotics Facility  
  98  8:27  Void Ray  
  102  8:41  Protoss Ground Armor Level 2 (Chrono Boost)  
  102  9:10  Void Ray  
  102  9:13  Warp Prism  
  108  9:21  Nexus  
  108  9:28  Resonating Glaives  
  108  9:35  Pylon, Gateway  
  108  9:36  Pylon  
  108  9:37  Gateway x2  
  108  9:39  Gateway  
  108  9:40  Gateway  
  108  9:50  Stalker  
  110  9:53  Void Ray  
  114  10:06  Immortal  
  118  10:18  Pylon  
  118  10:21  Pylon  
  118  10:31  Stalker x4  
  118  10:32  Stalker x3  
  118  10:35  Protoss Ground Weapons Level 3 (Chrono Boost)  
  132  10:36  Void Ray  
  136  10:45  Immortal  
  136  10:57  Adept x6  
  136  10:58  Adept  
  148  11:07  Dark Shrine  
  148  11:32  Adept  
  148  11:33  Adept x5  
  148  11:34  Adept x4  
  148  11:35  Adept x2  
  144  12:12  Adept x6  
  144  12:13  Adept x6  
  132  12:54  Gateway  
  132  12:55  Adept x3  
  132  12:56  Adept x5  
  132  12:57  Adept x3  
  132  12:58  Adept  
  120  13:52  Stalker x3  
Show
View Real Time Build Order
Export as new Build Order

Супермужик Zerg 

Build Orders: Hatch First 

Get SALT Encoding   

  12  0:18  Drone x2  
  14  0:26  Extractor  
  13  0:29  Extractor  
  13  0:30  Drone x2  
  16  0:52  Hatchery  
  15  0:59  Extractor  
  15  1:01  Extractor  
  15  1:02  Drone  
  14  1:10  Spawning Pool  
  13  1:14  Drone  
  16  1:20  Overlord  
  16  1:37  Extractor  
  16  1:39  Extractor, Drone x3  
  17  2:00  Queen  
  17  2:01  Spine Crawler  
  18  2:05  Queen  
  20  2:16  Drone x2  
  20  2:17  Drone  
  23  2:23  Drone x2  
  23  2:26  Drone  
  26  2:30  Drone  
  27  2:37  Drone  
  27  2:42  Overlord  
  28  2:54  Overlord  
  28  3:03  Drone x2  
  28  3:04  Lair  
  30  3:08  Drone  
  30  3:11  Drone  
  32  3:14  Drone x3  
  35  3:24  Drone  
  35  3:25  Drone x3  
  39  3:34  Drone  
  39  3:36  Drone  
  39  3:39  Drone  
  42  3:47  Drone x2  
  44  3:52  Extractor  
  44  3:53  Overlord x2  
  44  3:55  Extractor  
  42  3:56  Drone x2  
  44  4:07  Infestation Pit  
  44  4:09  Hydralisk Den  
  42  4:10  Drone x2  
  43  4:19  Drone x3  
  43  4:21  Drone x3  
  43  4:22  Drone x2  
  43  4:23  Drone  
  52  4:27  Metabolic Boost  
  52  4:32  Drone  
  53  4:43  Spine Crawler  
  53  4:44  Spine Crawler  
  51  4:53  Zergling x2  
  51  4:55  Overlord x2  
  52  5:07  Spine Crawler x2  
  52  5:08  Drone x2  
  52  5:10  Hive  
  52  5:11  Overlord x3  
  52  5:14  Lurker Den  
  52  5:25  Drone  
  53  5:30  Spore Crawler  
  53  5:31  Spore Crawler  
  53  5:35  Drone x3  
  53  5:37  Pneumatized Carapace  
  54  5:56  Hatchery  
  53  6:01  Drone  
  54  6:07  Evolution Chamber  
  54  6:09  Evolution Chamber x2  
  51  6:12  Drone x4  
  51  6:14  Drone x4  
  51  6:16  Drone x3  
  62  6:19  Drone  
  62  6:21  Queen  
  65  6:29  Ultralisk Cavern  
  64  6:36  Extractor  
  63  6:41  Extractor  
  62  6:49  Zerg Ground Armor Level 1, Zerg Missile Weapons Level 1  
  62  6:50  Zerg Melee Weapons Level 1  
  62  6:51  Muscular Augments  
  62  6:53  Drone x2  
  62  6:54  Drone  
  65  6:55  Drone  
  65  6:56  Drone x2  
  65  6:57  Overlord x3  
  68  7:06  Queen  
  70  7:13  Drone  
  70  7:14  Drone  
  72  7:16  Drone  
  73  7:26  Chitinous Plating  
  73  7:34  Spore Crawler  
  72  7:37  Spore Crawler  
  71  7:52  Spore Crawler  
  71  7:54  Spore Crawler  
  71  7:56  Ultralisk x3  
  71  7:57  Ultralisk  
  93  8:15  Nydus Network  
  92  8:28  Overlord x2  
  92  8:29  Overlord x4  
  93  8:34  Drone x2  
  93  8:35  Drone  
  95  8:47  Overseer  
  95  8:50  Zerg Ground Armor Level 2, Zerg Melee Weapons Level 2, Zerg Missile Weapons Level 2  
  95  9:01  Ultralisk x3  
  113  9:14  Hatchery  
  113  9:16  Extractor x2  
  110  9:42  Ultralisk x3  
  110  9:44  Ultralisk  
  134  9:58  Drone x2  
  134  9:59  Overlord x2  
  136  10:00  Overlord x2  
  136  10:04  Adrenal Glands  
  136  10:43  Nydus Canal  
  124  11:51  Hydralisk x7  
  124  11:52  Hydralisk x8  
  124  11:53  Hydralisk x8  
  124  11:54  Hydralisk x11  
  192  12:01  Nydus Canal  
  192  12:15  Nydus Canal  
  186  12:43  Nydus Canal  
  180  13:04  Nydus Canal  
  198  13:33  Nydus Canal  
Show
View Real Time Build Order
Export as new Build Order

Will Zerg 

Build Orders: Hatch First 

Get SALT Encoding   

  12  0:03  Drone  
  13  0:10  Drone  
  14  0:18  Overlord  
  14  0:45  Drone  
  15  0:51  Hatchery  
  15  0:55  Drone  
  15  0:58  Drone  
  16  1:15  Spawning Pool  
  16  1:17  Extractor  
  14  1:19  Drone  
  14  1:24  Drone  
  16  1:28  Drone  
  16  1:32  Drone  
  18  1:42  Overlord  
  18  1:52  Drone  
  19  2:02  Queen  
  19  2:06  Queen  
  23  2:10  Drone  
  23  2:14  Zergling x2  
  25  2:20  Drone  
  26  2:28  Metabolic Boost  
  26  2:31  Drone x2  
  28  2:37  Drone x2  
  30  2:49  Drone  
  30  2:50  Drone x2  
  33  2:56  Overlord  
  33  2:59  Extractor  
  33  3:02  Zergling x2  
  33  3:06  Lair  
  33  3:09  Zergling x2  
  34  3:20  Roach Warren, Drone  
  34  3:21  Drone  
  34  3:26  Overlord  
  35  3:34  Zergling x2  
  35  3:35  Zergling x4  
  38  3:46  Evolution Chamber  
  38  3:47  Evolution Chamber  
  38  3:48  Drone x2  
  38  3:55  Drone  
  38  3:56  Drone x2  
  38  3:59  Drone  
  38  4:01  Drone  
  43  4:18  Zerg Ground Armor Level 1, Zerg Missile Weapons Level 1  
  43  4:20  Roach x2  
  47  4:25  Drone x2  
  49  4:37  Pneumatized Carapace  
  49  4:42  Roach  
  49  4:43  Overlord x3  
  51  5:09  Roach  
  51  5:10  Roach x6  
  65  5:33  Drone, Infestation Pit  
  65  5:34  Drone x2  
  67  5:37  Extractor  
  67  5:38  Extractor, Overlord x3  
  65  5:53  Spore Crawler  
  65  5:54  Spore Crawler  
  63  5:59  Drone x5  
  68  6:06  Overlord x2  
  68  6:18  Hydralisk Den  
  67  6:20  Zerg Melee Weapons Level 1  
  67  6:46  Hive  
  67  6:52  Hatchery  
  66  7:02  Overseer x3  
  66  7:13  Drone  
  66  7:14  Drone x2  
  69  7:16  Drone x4  
  69  7:17  Drone  
  69  7:18  Spore Crawler  
  69  7:21  Spore Crawler  
  72  7:25  Lurker Den  
  72  7:33  Queen  
  83  8:11  Overseer  
  86  8:18  Drone x10  
  96  8:32  Zerg Ground Armor Level 2  
  96  8:45  Adrenal Glands  
  96  8:47  Zergling x14  
  103  9:24  Burrow  
  103  9:32  Extractor  
  103  9:33  Hydralisk x6, Extractor  
  103  9:34  Hydralisk x2  
  103  9:38  Zergling x6  
  118  9:39  Zergling x4  
  118  9:40  Overlord x3  
  118  9:41  Overlord  
  122  10:01  Zerg Missile Weapons Level 2  
  122  10:06  Muscular Augments  
  122  10:07  Zergling x2  
  122  10:08  Zergling x4  
  122  10:09  Zergling x16  
  122  10:12  Overlord  
  133  10:36  Hydralisk x4  
  133  10:37  Hydralisk x5  
  151  11:20  Hydralisk x5  
  151  11:23  Overlord x9  
  161  11:57  Spire  
  161  11:58  Spire  
  133  12:52  Hydralisk  
  133  12:57  Hydralisk  
  133  12:58  Hydralisk x10  
  141  13:23  Hydralisk x4  
  141  13:24  Hydralisk x3  
Show
View Real Time Build Order
Export as new Build Order

Strelok Protoss 

Build Orders:  

Get SALT Encoding   

  12  0:15  Pylon  
  12  0:18  Probe (Chrono Boost)  
  14  0:28  Probe (Chrono Boost)  
  14  0:39  Probe (Chrono Boost)  
  15  0:49  Probe (Chrono Boost)  
  16  1:00  Probe (Chrono Boost)  
  17  1:07  Assimilator  
  17  1:20  Pylon  
  17  1:23  Nexus  
  17  1:26  Assimilator  
  17  1:36  Probe (Chrono Boost)  
  19  1:47  Probe (Chrono Boost)  
  19  1:51  Forge  
  19  1:57  Probe (Chrono Boost)  
  19  1:58  Pylon  
  20  2:02  Assimilator  
  20  2:08  Probe (Chrono Boost)  
  21  2:22  Gateway  
  21  2:27  Pylon  
  21  2:31  Pylon  
  21  2:40  Probe (Chrono Boost)  
  21  2:43  Probe (Chrono Boost)  
  23  2:50  Probe (Chrono Boost)  
  24  2:53  Probe (Chrono Boost)  
  25  3:04  Probe (Chrono Boost)  
  26  3:10  Photon Cannon  
  26  3:11  Photon Cannon  
  26  3:14  Probe (Chrono Boost)  
  27  3:21  Photon Cannon  
  27  3:25  Probe (Chrono Boost)  
  28  3:35  Probe x2 (Chrono Boost)  
  30  3:45  Probe (Chrono Boost)  
  30  3:46  Probe (Chrono Boost)  
  32  3:54  Cybernetics Core  
  32  3:56  Probe (Chrono Boost)  
  33  4:04  Probe (Chrono Boost)  
  33  4:06  Probe (Chrono Boost)  
  33  4:08  Assimilator  
  35  4:15  Probe (Chrono Boost)  
  37  4:17  Probe (Chrono Boost)  
  37  4:19  Photon Cannon  
  37  4:25  Probe (Chrono Boost)  
  37  4:27  Probe (Chrono Boost)  
  39  4:32  Pylon  
  39  4:36  Probe (Chrono Boost)  
  39  4:38  Pylon, Probe (Chrono Boost)  
  41  4:43  Stargate  
  41  4:46  Stargate, Probe (Chrono Boost)  
  41  4:48  Probe (Chrono Boost)  
  43  5:01  Nexus  
  43  5:10  Pylon  
  43  5:21  Pylon  
  43  5:25  Pylon  
  43  5:29  Assimilator  
  43  5:40  Nexus  
  43  5:44  Pylon  
  43  5:48  Photon Cannon  
  43  5:49  Probe (Chrono Boost)  
  44  5:50  Photon Cannon  
  44  5:52  Photon Cannon  
  44  5:55  Mothership Core (Chrono Boost)  
  46  5:59  Void Ray  
  46  6:00  Probe (Chrono Boost)  
  51  6:07  Void Ray  
  55  6:15  Photon Cannon  
  55  7:14  Probe (Chrono Boost)  
  56  7:25  Probe (Chrono Boost)  
  57  7:35  Probe (Chrono Boost)  
  57  7:36  Stargate  
  58  7:40  Stargate  
  58  7:42  Protoss Air Weapons Level 1  
  58  7:43  Protoss Shields Level 1  
  58  7:45  Fleet Beacon  
  58  7:46  Probe (Chrono Boost), Cybernetics Core  
  59  7:53  Twilight Council  
  59  7:56  Probe (Chrono Boost)  
  60  8:04  Assimilator  
  60  8:06  Assimilator  
  60  8:07  Probe (Chrono Boost)  
  60  8:10  Photon Cannon  
  61  8:14  Photon Cannon  
  61  8:17  Probe (Chrono Boost)  
  61  8:18  Pylon  
  62  8:26  Void Ray x4  
  78  8:28  Probe (Chrono Boost)  
  78  8:29  Protoss Air Armor Level 1  
  79  8:38  Probe (Chrono Boost)  
  80  8:49  Probe (Chrono Boost)  
  81  9:08  Robotics Facility  
  81  9:09  Carrier x4  
  111  9:25  Probe (Chrono Boost)  
  111  9:29  Photon Cannon  
  112  9:31  Photon Cannon  
  112  9:33  Photon Cannon  
  112  9:36  Probe (Chrono Boost)  
  113  9:46  Probe (Chrono Boost)  
  113  9:47  Protoss Air Weapons Level 2  
  114  9:57  Probe (Chrono Boost)  
  115  10:02  Photon Cannon  
  115  10:07  Probe (Chrono Boost)  
  116  10:18  Pylon, Probe (Chrono Boost)  
  117  10:34  Tempest x2  
  125  10:36  Tempest x2  
  125  10:37  Protoss Shields Level 2  
  133  11:14  Protoss Air Armor Level 2  
  133  11:24  Pylon  
  133  11:25  Pylon  
  133  11:29  Pylon  
  133  11:42  Observer, Tempest  
  136  12:07  Carrier x3  
  153  12:17  Pylon  
  153  12:21  Pylon  
  152  12:48  Pylon  
  143  12:51  Pylon  
  143  12:52  Observer  
  143  12:55  Pylon  
Show
View Real Time Build Order
Export as new Build Order

Envy Terran 

Build Orders:  

Get SALT Encoding   

  12  0:03  SCV  
  13  0:15  SCV  
  14  0:32  SCV  
  15  0:42  Supply Depot  
  15  0:48  Refinery  
  15  0:51  Engineering Bay, Refinery  
  15  1:04  SCV  
  15  1:07  Barracks  
  16  1:16  SCV  
  17  1:28  SCV  
  18  1:42  SCV  
  19  1:51  Command Center  
  19  1:55  SCV  
  20  2:07  SCV  
  21  2:11  Barracks Tech Lab  
  21  2:17  Bunker  
  21  2:30  Orbital Command  
  21  2:33  Supply Depot  
  21  2:38  Marine  
  22  2:52  Barracks  
  22  2:56  Marine  
  23  3:02  SCV  
  24  3:18  Planetary Fortress  
  24  3:22  SCV  
  25  3:30  Factory  
  25  3:37  Marine  
  25  3:40  Combat Shields  
  26  3:49  Barracks Reactor  
  27  3:55  SCV  
  27  3:59  SCV  
  28  4:11  SCV x2  
  30  4:23  SCV x2  
  32  4:27  Factory Tech Lab  
  32  4:32  Ghost Academy  
  32  4:35  SCV  
  32  4:36  SCV  
  34  4:43  Marine  
  35  4:48  SCV x2  
  35  4:51  Starport  
  37  5:00  SCV x2  
  37  5:01  Ghost Academy  
  39  5:12  SCV  
  40  5:25  SCV x2  
  42  5:28  Starport  
  42  5:32  Refinery  
  42  5:34  Refinery  
  42  5:37  SCV x2  
  42  5:40  Hi-Sec Auto Tracking  
  44  5:44  Missile Turret  
  44  5:51  Personal Cloaking  
  44  5:52  Nuke  
  44  6:04  Missile Turret  
  44  6:06  Starport  
  44  6:26  Missile Turret  
  43  6:47  Missile Turret  
  43  7:08  Missile Turret, Starport Tech Lab  
  43  7:09  Starport Tech Lab  
  43  7:14  Starport Tech Lab  
  43  7:16  Nuke  
  43  7:32  Missile Turret  
  43  7:37  Armory  
  43  7:54  Missile Turret  
  43  7:58  Corvid Reactor  
  43  8:01  Raven  
  45  8:10  Supply Depot  
  45  8:11  Supply Depot  
  45  8:18  Missile Turret  
  45  8:31  Raven x2  
  45  8:32  Supply Depot  
  49  8:34  Supply Depot  
  49  8:35  Command Center  
  49  8:41  Ghost  
  49  8:44  Raven  
  53  9:10  Ghost  
  53  9:13  Drilling Claws  
  53  9:14  Raven x2  
  59  9:28  Raven  
  61  9:57  Raven  
  63  10:21  Raven x2  
  67  10:44  Raven  
Show
View Real Time Build Order
Export as new Build Order

firesky Terran 

Build Orders:  

Get SALT Encoding   

  12  0:01  SCV  
  13  0:17  Supply Depot  
  13  0:35  SCV  
  14  0:47  SCV  
  15  0:54  Barracks  
  15  1:00  Refinery  
  15  1:02  Refinery  
  15  1:04  Barracks  
  15  1:08  SCV  
  16  1:20  SCV  
  17  1:32  SCV  
  18  1:42  Barracks Reactor  
  18  1:46  Orbital Command  
  18  1:58  Supply Depot  
  18  2:27  Barracks Reactor  
  18  2:31  Barracks Tech Lab  
  18  2:35  Factory, SCV  
  19  2:47  SCV  
  20  2:55  Stimpack  
  22  2:59  SCV  
  22  3:04  Marine x2  
  23  3:11  SCV  
  24  3:20  Engineering Bay  
  24  3:22  Marine x2, Factory Tech Lab  
  26  3:34  Starport  
  26  3:40  Marine x2  
  28  3:48  Terran Infantry Weapons Level 1  
  28  3:49  SCV  
  28  3:54  Marine  
  29  3:58  Marine x2  
  31  4:04  Supply Depot  
  31  4:08  Supply Depot  
  31  4:14  Supply Depot  
  31  4:19  Starport Reactor  
  31  4:25  Marine, SCV  
  31  4:29  Marine x2  
  35  4:41  SCV  
  35  4:43  Marine  
  35  5:20  Medivac x2  
  39  5:35  Marine  
  40  5:38  Command Center  
  40  5:47  Barracks  
  40  5:48  Barracks  
  40  5:53  Marine  
  41  6:04  Barracks Reactor  
  41  6:14  Command Center  
  41  6:22  Marine  
  42  6:40  Marine  
  43  7:00  Barracks Reactor  
  43  7:01  Barracks Reactor  
  43  7:02  Marine x3  
  46  7:09  Medivac  
  48  7:17  Medivac  
  48  7:20  Marine x3  
  53  7:22  Terran Infantry Armor Level 1  
  53  7:34  SCV  
  55  7:37  Marine, SCV  
  55  7:38  Marine x2  
  58  7:47  SCV  
  58  7:49  Medivac x2  
  63  7:55  Marine, Orbital Command  
  63  7:56  Marine x2  
  66  8:01  Orbital Command  
  66  8:14  Marine  
  66  8:17  Armory  
  67  8:23  SCV  
  68  8:31  SCV  
  69  8:35  SCV  
  69  8:38  Marauder  
  69  8:39  Marine  
  69  8:40  Marine x2  
  75  8:43  SCV  
  75  8:46  Supply Depot  
  76  8:51  Missile Turret  
  76  8:59  Marauder  
  74  9:20  Marine x3  
  74  9:21  Marine x3, Marauder  
  82  9:25  Medivac x2  
  86  9:36  SCV  
  86  9:38  Marine x4  
  88  9:42  Marauder  
  93  9:50  Terran Infantry Weapons Level 2  
  93  9:55  Engineering Bay  
  93  9:56  Terran Vehicle And Ship Armor Level 1  
  93  10:06  Supply Depot  
  93  10:07  Supply Depot  
  93  10:09  Supply Depot  
  93  10:10  Supply Depot  
  93  10:27  Medivac x2  
  93  10:28  SCV x3, Marauder  
  101  10:29  Supply Depot  
  101  10:32  Supply Depot x2  
  101  10:34  Supply Depot, Starport  
  102  10:37  Starport  
  102  10:40  SCV x3  
  102  10:41  Barracks  
  105  10:52  SCV  
  105  10:53  SCV  
  107  10:57  Medivac x2  
  106  11:04  SCV  
  106  11:05  SCV  
  106  11:10  Missile Turret  
  107  11:13  Missile Turret  
  107  11:15  Missile Turret  
  107  11:16  SCV  
  107  11:17  SCV  
  109  11:18  Marine  
  109  11:19  Marine x6  
  109  11:36  Marine x2  
  109  11:37  Marine x6  
  117  11:44  Starport Reactor  
  117  11:45  Starport Reactor  
  117  11:46  Medivac  
  119  11:47  Medivac  
  119  11:54  Marine x3  
  119  11:55  Marine x5  
  87  12:12  Marine  
Show
View Real Time Build Order
Export as new Build Order

Gracz Terran 

Build Orders: Command Center First (CC) 

Get SALT Encoding   

  12  0:03  SCV  
  13  0:15  SCV  
  14  0:27  SCV  
  15  0:39  Refinery  
  15  0:41  Supply Depot  
  15  1:15  Command Center  
  15  1:22  Barracks  
  15  2:10  Marine  
  16  2:20  Barracks  
  16  2:39  Barracks Reactor  
  16  3:02  SCV  
  16  3:03  Refinery  
  16  3:04  Orbital Command  
  17  3:11  Barracks Reactor  
  17  3:14  SCV  
  18  3:26  SCV  
  19  3:33  SCV  
  20  3:35  Refinery  
  20  3:38  SCV  
  21  3:45  SCV  
  22  3:50  SCV  
  23  3:59  SCV  
  24  4:10  Refinery, SCV  
  24  4:11  SCV  
  26  4:19  Engineering Bay  
  26  4:22  SCV  
  26  4:23  SCV  
  28  4:34  SCV  
  28  4:35  SCV, Ghost Academy  
  28  4:37  Marine x2  
  28  4:38  Marine x2  
  34  4:47  SCV  
  34  4:49  Barracks  
  35  4:55  Barracks  
  35  5:26  Factory  
  35  5:35  Barracks Tech Lab  
  35  5:52  Reaper x2  
  35  5:53  Reaper  
  35  5:54  Factory  
  38  6:00  Supply Depot, Reaper  
  38  6:04  Orbital Command  
  39  6:17  Personal Cloaking  
  39  7:03  SCV  
  39  7:04  Factory Tech Lab  
  39  7:06  Factory Tech Lab  
  40  7:09  Supply Depot  
  40  7:15  SCV  
  41  7:24  Starport  
  41  7:27  SCV  
  42  7:31  Barracks Tech Lab  
  42  7:33  Ghost  
  42  7:36  Reaper x2  
  47  7:37  Reaper x2  
  47  7:38  Starport  
  47  7:39  SCV  
  49  8:07  Starport Tech Lab  
  49  8:08  Reaper  
  49  8:09  Reaper x3  
  53  8:13  Fusion Core  
  53  8:15  Supply Depot  
  53  8:18  Building Armor  
  53  8:22  Ghost  
  53  8:23  Ghost  
  57  8:35  SCV  
  57  8:41  Reaper x4  
  62  8:47  Starport Tech Lab, SCV  
  63  8:53  Armory  
  63  8:55  Supply Depot  
  63  9:09  Medivac  
  65  9:58  Terran Infantry Weapons Level 1  
  65  10:10  Medivac  
  65  10:11  Battlecruiser  
  73  10:18  Supply Depot  
  73  10:40  Battlecruiser, Marauder x2  
  73  10:42  Reaper x4  
  87  10:45  Weapon Refit  
  87  10:56  Supply Depot  
  87  10:58  Supply Depot  
  87  11:01  Marauder  
  87  11:02  Marauder  
  91  11:14  Marine, Reaper x2  
  91  11:16  Supply Depot  
  91  11:17  Marine  
  95  11:23  Marauder x2  
  99  11:29  Behemoth Reactor  
  99  11:32  Marine  
  100  11:35  Marine  
  101  11:44  Marauder x2  
  101  11:46  Marine x2  
  107  11:49  Marine  
  107  11:52  Terran Infantry Armor Level 1  
  107  11:53  Marine  
  109  12:03  Marine  
  109  12:04  Marine  
  109  12:06  Marauder x2  
  109  12:08  Thor  
  115  12:09  Thor  
  115  12:13  Starport  
  95  12:53  Nuke  
Tags
 
Add a new tag
Caveats
  • Supply blocks, unpowered buildings, or Contaminate may cause inaccurate times.
  • Supply counts are checked every 10 seconds.